 Dungeon Crawl Stone Soup version 0.9.0-27-g8a39726 character file.

1077 daks the Poker (level 8, -6/59 HPs)
             Began as a Merfolk Skald on Feb 14, 2012.
             Was an Initiate of Okawaru.
             Mangled by an orc warrior
             ... wielding a +0,+1 orcish trident
              (13 damage)
             ... on Level 6 of the Dungeon on Feb 15, 2012.
             The game lasted 01:03:57 (9381 turns).

daks the Poker (Merfolk Skald)                      Turns: 9381, Time: 01:03:57

HP  -6/59        AC  8     Str 12      XL: 8   Next:  6%
MP  14/14        EV 10     Int 20      God: Okawaru [......]
Gold 181         SH  0     Dex 13      Spells:  4 memorised,  4 levels left

Res.Fire  : + . .   See Invis. : .   a - +2,+3 spear
Res.Cold  : . . .   Warding    : . . p - +2 dwarf ring mail {rF+}
Life Prot.: . . .   Conserve   : .   (no shield)
Res.Acid. : . . .   Res.Corr.  : .   (no helmet)
Res.Poison: .       Clarity    : .   (no cloak)
Res.Elec. : .       Spirit.Shd : .   j - +0 pair of gauntlets
Sust.Abil.: . .     Stasis     : +   h - +0 pair of boots
Res.Mut.  : .       Ctrl.Telep.: .   d - amulet of stasis
Res.Rott. : .       Levitation : .   L - ring of wizardry
Saprovore : . . .   Ctrl.Flight: .   M - +5 ring of intelligence

@: slightly resistant to hostile enchantments, unstealthy
A: change form in water, Int +1
a: Renounce Religion


You were on level 6 of the Dungeon.
You worshipped Okawaru.
Okawaru was pleased with you.
You were not hungry.

You visited 2 branches of the dungeon, and saw 8 of its levels.

You collected 161 gold pieces.

Inventory:

Hand weapons
 a - a +2,+3 spear (weapon)
 s - a +0,+0 spear
 v - a +1,+0 short sword
 A - a +0,+0 sling
 D - a cursed -3,-2 spear
 F - a +0 blowgun
 Q - a +2,+1 flail of draining
Missiles
 e - 39 +0 bolts
 l - 25 +0 arrows of frost
 m - 33 +0 stones (quivered)
 o - 31 +1 bolts
 C - 2 +4 darts of flame
 H - 16 poisoned +0 needles
 K - 38 +0 darts
 O - 4 +0 sling bullets
Armour
 b - a +2 robe of resistance
 h - a +0 pair of boots (worn)
 j - a +0 pair of gauntlets (worn)
 n - a +1 orcish splint mail
 p - a +2 dwarven ring mail of fire resistance (worn)
 y - a +1 ring mail
Magical devices
 f - a wand of confusion (10)
 w - a wand of fire (7)
 x - a wand of frost (12)
 G - a wand of digging (9)
Comestibles
 E - 2 bread rations
 S - a choko
Scrolls
 g - a scroll of fog
 i - 3 scrolls of remove curse {unknown}
 k - a scroll of teleportation
 q - a scroll of magic mapping
 u - a scroll of detect curse
 P - a scroll of curse armour {unknown}
Jewellery
 d - an amulet of stasis (around neck)
 B - a +2 ring of evasion {unknown}
 I - an uncursed ring of protection from magic
 L - a ring of wizardry (right hand)
 M - a +5 ring of intelligence (left hand)
 N - an uncursed ring of wizardry
Potions
 r - a potion of brilliance
 t - a potion of restore abilities {unknown}
 z - 2 potions of agility
Books
 c - a book of War Chants

   Spells                             Type                      Level
   *Fire Brand                        Charms/Fire                  2
   Freezing Aura                      Charms/Ice                   2
   *Shroud of Golubria                Charms/Translocation         2
   *Repel Missiles                    Charms/Air                   2
   Poison Weapon                      Charms/Poison                3
   *Regeneration                      Charms/Necromancy            3
Magical staves
 J - a staff of power {unknown}


   Skills:
 + Level 4 Fighting
 + Level 6 Polearms
 - Level 1 Slings
 - Level 2 Throwing
 - Level 1 Armour
 + Level 5 Dodging
 - Level 1 Stealth
 - Level 1 Traps & Doors
 + Level 3 Spellcasting
 + Level 5 Charms
 + Level 1 Fire Magic


You had 4 spell levels left.
You knew the following spells:

 Your Spells              Type           Power        Success   Level  Hunger
a - Fire Brand Fire/Chrm  ###.......     Very         Good        2    Strawberry
b - Shroud of Golubria Chrm/Tloc ###.......     Very         Good        2    Strawberry
c - Regeneration          Chrm/Necr      ###.......   Fair        3    Choko
d - Repel Missiles Air/Chrm ###.......     Very         Good        2    Strawberry

Dungeon Overview and Level Annotations

Branches:
Dungeon (7/27)             Temple (1/1) D:4
    Orc: D:6-11

Altars:
Ashenzari
Cheibriados
Elyvilon
Fedhas
Kikubaaqudgha
Makhleb
Nemelex Xobeh
Okawaru
Sif Muna
The Shining One
Trog
Vehumet
Xom
Yredelemnul
Zin


Innate Abilities, Weirdness & Mutations

You revert to your normal form in water.
Your mind is acute (Int +1).


Message History

Okay, then.
Casting: Fire Brand
Confirm with . or Enter, or press ? or * to list all spells.
Your +2,+3 spear bursts into flame!
You hit the orc warrior. You burn the orc warrior.
The orc warrior is moderately wounded.
The orc warrior hits you with an orcish trident!
* * * LOW HITPOINT WARNING * * *
Drink which item? (? for menu, Esc to quit)
Okay, then.
Your +2,+3 spear goes out.
Read which item? (? for menu, Esc to quit)
You cannot teleport right now.
Evoke which item? (* to show all) (? for menu, Esc to quit)
Zapping:
f - a wand of confusion (11)
Press: ? - help, Shift-Dir - straight line, f/p - orc warrior
Aim: An orc warrior, wielding an orcish trident and wearing an orcish chain mail (moderately wounded)
The orc warrior easily resists.
This wand has 10 charges left.
The orc warrior hits you with an orcish trident!
You die...

#...#.......
#...#.......
#...#.......
#...########
#...........
#...........
#...........
#..o........
#..@........
#......#####
#......#
#......#
#......#
#......#
#......#
#......#
#......#


You could see an orc warrior.

Vanquished Creatures
  Edmund (D:5)
  Menkaure (D:5)
  An ice beast (D:5)
  4 ogres
  An imp (D:6)
  An iguana (D:5)
  A worker ant (D:5)
  Ijyb (D:4)
  A green rat (D:3)
  5 snakes
  3 worms
  2 grey rats (D:3)
  An ooze (D:1)
  An orc (D:4)
  10 bats
  5 giant cockroaches
  10 goblins
  10 hobgoblins
  5 jackals
  2 quokkas
  3 small snakes
  3 giant geckos
  A giant gecko zombie (D:5)
  12 giant newts
  A hobgoblin skeleton (D:4)
  11 kobolds
  A quokka skeleton (D:6)
  20 rats
  A rat skeleton (D:5)
  A toadstool (D:5)
120 creatures vanquished.

Vanquished Creatures (collateral kills)
  An orc (D:6)
1 creature vanquished.

Vanquished Creatures (others)
  An orc (D:6)
  A kobold (D:4)
  2 giant newts
  A goblin (D:4)
  A jackal (D:5)
  8 toadstools
14 creatures vanquished.

Grand Total: 135 creatures vanquished

Notes
Turn   | Place    | Note
--------------------------------------------------------------
     0 | D:1      | daks, the Merfolk Skald, began the quest for the Orb.
     0 | D:1      | Reached XP level 1. HP: 16/16 MP: 1/1
   230 | D:1      | Reached skill level 4 in Charms
   230 | D:1      | Reached XP level 2. HP: 22/22 MP: 3/3
   418 | D:1      | Learned a level 2 spell: Fire Brand
   421 | D:1      | Learned a level 2 spell: Shroud of Golubria
   506 | D:1      | Reached skill level 1 in Throwing
   890 | D:2      | Reached XP level 3. HP: 27/27 MP: 2/4
  1220 | D:2      | Reached XP level 4. HP: 20/34 MP: 6/6
  1347 | D:2      | Learned a level 3 spell: Regeneration
  2729 | D:3      | Reached skill level 1 in Armour
  3180 | D:3      | Reached skill level 1 in Stealth
  3519 | D:3      | Reached XP level 5. HP: 13/39 MP: 2/7
  3766 | D:3      | Found a glowing drain.
  4304 | D:4      | Gained mutation: Your mind is acute (Int +1).
  4678 | D:4      | Found a staircase to the Ecumenical Temple.
  4691 | Temple   | Entered the Ecumenical Temple
  4751 | Temple   | Became a worshipper of Warmaster Okawaru
  5066 | Temple   | Reached skill level 1 in Slings
  5619 | D:4      | Reached XP level 6. HP: 46/46 MP: 9/9
  5762 | D:5      | Entered Level 5 of the Dungeon
  5801 | D:5      | Noticed Edmund
  5812 | D:5      | Reached XP level 5. HP: 35/39 MP: 4/7
  5826 | D:5      | Defeated Edmund
  5826 | D:5      | Reached skill level 1 in Traps & Doors
  5826 | D:5      | Reached XP level 6. HP: 29/46 MP: 6/9
  5959 | D:5      | Learned a level 2 spell: Repel Missiles
  5976 | D:5      | Reached skill level 5 in Polearms
  6009 | D:5      | Got a distressingly furry robe
  6017 | D:5      | Noticed Menkaure
  6022 | D:5      | Noticed Ijyb
  6071 | D:4      | Defeated Ijyb
  6512 | D:5      | Defeated Menkaure
  6512 | D:5      | Reached skill level 5 in Dodging
  6512 | D:5      | Reached XP level 7. HP: 40/52 MP: 6/10
  6966 | D:5      | Reached skill level 1 in Fire Magic
  7151 | D:5      | Reached skill level 5 in Charms
  7635 | D:5      | Reached skill level 6 in Polearms
  7635 | D:5      | Reached XP level 8. HP: 59/59 MP: 11/14
  9349 | D:6      | HP: 1/59 [orc warrior/orcish trident (24)]
  9381 | D:6      | Mangled by an orc warrior
